 Dungeon Crawl Stone Soup version 0.30-a0-726-gd89dcf765f (webtiles) character file.

Game seed: 2722059239354044911

51 jimonade the Shooter (level 4, -7/33 HPs)
             Began as a Formicid Hunter on Jan 29, 2023.
             Killed from afar by Sigmund (8 damage)
             ... with a magic dart
             ... on level 2 of the Dungeon.
             The game lasted 00:02:17 (826 turns).

jimonade the Shooter (Formicid Hunter)               Turns: 826, Time: 00:02:17

Health: -7/33      AC:  4    Str: 15    XL:     4   Next: 5%
Magic:  4/4        EV: 12    Int:  9    God:
Gold:   86         SH:  5    Dex: 19    Spells: 3/3 levels left

rFire   . . .      SeeInvis +    a - +1 shortbow
rCold   . . .      Faith    .    (no shield)
rNeg    . . .      Spirit   .    i - +2 robe {Will+}
rPois   .          Reflect  +    (helmet unavailable)
rElec   .          Harm     .    (no cloak)
rCorr   .          Rampage  .    (no gloves)
Will    +....                    (no boots)
Stlth   ++                       e - amulet of reflection
HPRegen 0.25/turn                (no ring)
MPRegen 0.09/turn                (no ring)

@: no status effects
A: permanent stasis, dig shafts and tunnels, antennae 3, four strong arms
a: Dig, Shaft Self


You were on level 2 of the Dungeon.
You visited 1 branch of the dungeon, and saw 2 of its levels.

You collected 86 gold pieces.

Inventory:

Hand Weapons
 a - a +1 shortbow (weapon)
 l - a +0 dagger
Armour
 c - a +0 leather armour
 i - a +2 robe of willpower (worn)
Jewellery
 e - an amulet of reflection (around neck)
Scrolls
 b - a scroll of immolation
 g - a scroll of identify
Potions
 d - 2 potions of mutation
 f - a potion of curing {unknown}
 h - a potion of might {unknown}
 j - a potion of attraction {unknown}


   Skills:
 - Level 2.1 Fighting
 + Level 5.3 Ranged Weapons
 - Level 1.7 Dodging
 - Level 1.2 Stealth


You had 3 spell levels left.
You didn't know any spells.
Your spell library contained the following spells:

 Spells                   Type           Power      Damage    Failure   Level
 Lesser Beckoning         Tloc           0%         N/A       52%         2
 Momentum Strike          Conj/Tloc      0%         3d8       52%         2
 Gell's Gravitas          Tloc           0%         N/A       77%         3
 Teleport Other           Tloc           0%         N/A       77%         3
 Dispersal                Tloc           0%         N/A       100%        6
 Blink                    Tloc           Unusable   N/A       N/A         2

Dungeon Overview and Level Annotations

Branches:
Dungeon (2/15)

Altars:

Annotations:
D:2 Sigmund


Innate Abilities, Weirdness & Mutations

You cannot be hasted, slowed, berserked, paralysed or teleported.
You can dig through walls and to a lower floor.
You have a pair of large antennae on your head. (SInv)
Your four strong arms can wield two-handed weapons with a shield.


Message History

You are frozen.
You shoot an arrow. The arrow hits the endoplasm!
You kill the endoplasm!
You block Sigmund's attack.
You shoot an arrow. The arrow hits Sigmund.
Sigmund is lightly wounded.
Sigmund hits you from afar with a +0 scythe!
You are too injured to fight recklessly!
You are too injured to fight recklessly!
You are too injured to fight recklessly!
Non-targeted abil: Dig
Press: ? - help, Q - select action, (/) - cycle Dir - look around, f - activate You extend your mandibles.
Fire: a) +1 shortbow
Press: ? - help, Q - select action, (/) - cycle Shift-Dir - straight line, f - Sigmund
Aim: Sigmund, wielding a +0 scythe, wearing a +0 robe and carrying a wand of polymorph (5) (lightly wounded, slightly transparent, 62% to hit)
You shoot an arrow. The arrow hits Sigmund.
Sigmund is moderately wounded.
Sigmund hits you but does no damage.
Fire: a) +1 shortbow
Press: ? - help, Q - select action, (/) - cycle Shift-Dir - straight line, f/p - Sigmund
Aim: Sigmund, wielding a +0 scythe, wearing a +0 robe and carrying a wand of polymorph (5) (moderately wounded, slightly transparent, 62% to hit)
You shoot an arrow. The arrow barely misses Sigmund.
Sigmund hits you from afar with a +0 scythe!
* * * LOW HITPOINT WARNING * * *
Fire: a) +1 shortbow
Press: ? - help, Q - select action, (/) - cycle Shift-Dir - straight line, f/p - Sigmund
Aim: Sigmund, wielding a +0 scythe, wearing a +0 robe and carrying a wand of polymorph (5) (moderately wounded, slightly transparent, 62% to hit)
You shoot an arrow. The arrow hits Sigmund.
Sigmund is moderately wounded.
Fire: a) +1 shortbow
Press: ? - help, Q - select action, (/) - cycle Shift-Dir - straight line, f/p - Sigmund
Aim: Sigmund, wielding a +0 scythe, wearing a +0 robe and carrying a wand of polymorph (5) (moderately wounded, slightly transparent, 62% to hit)
You shoot an arrow. The arrow closely misses Sigmund.
Sigmund casts a spell at you. The magic dart hits you.
* * * LOW HITPOINT WARNING * * *
Sigmund casts a spell at you. The magic dart hits you!
You die...

#.# #.#...# # #.#
#.............
#.###.#.#...#.....
#................#
#.###.#.....#....
#.....#.#.#.##.#.
#.###.#...#.# ...
#.###.......# ..
#@.......
#........
#..@.....
#........
#........
#........
#........
#........


You could see Sigmund (invisible).

Vanquished Creatures
  Jessica (D:2)
  5 ball pythons
  5 endoplasms
  A jackal (D:1)
  A quokka (D:2)
  A bat (D:1)
  3 frilled lizards (D:1)
  3 goblins (D:1)
  A kobold (D:1)
  3 rats
24 creatures vanquished.

Notes
Turn   | Place    | Note
-------+----------+-------------------------------------------
     0 | D:1      | jimonade the Formicid Hunter began the quest for the Orb.
     0 | D:1      | Reached XP level 1. HP: 16/16 MP: 1/1
   157 | D:1      | Reached XP level 2. HP: 22/22 MP: 2/2
   626 | D:2      | Reached XP level 3. HP: 27/27 MP: 3/3
   629 | D:2      | Noticed Jessica
   635 | D:2      | Killed Jessica
   636 | D:2      | Reached skill level 5 in Ranged Weapons
   762 | D:2      | Reached XP level 4. HP: 33/33 MP: 4/4
   809 | D:2      | Noticed Sigmund
   826 | D:2      | HP: 1/33 [Sigmund/magic dart (4)]
   826 | D:2      | Killed from afar by Sigmund

Illustrated notes

Levels and vault maps discovered:
D:1:      dpeg_arrival_rooms_with_view, layout_rooms
D:2:      layout_basic, uniq_sigmund, uniq_jessica

Skill      XL: |  1  2  3 |
---------------+----------+-----
Ranged Weapons | 5 |  5.3
Fighting       | |  2.1
Dodging        | |  1.7
Stealth        | |  1.2

Action                     |  1- 3 |  4- 6 || total
---------------------------+-------+-------++-------
   Fire: Shortbow          |    62 |    20 ||    82
Ability: Dig               |       |     1 ||     1
    Use: Scroll            |     4 |       ||     4
 Armour: Leather armour    |     7 |       ||     7
         Robe              |       |     1 ||     1
  Dodge: Dodged            |    11 |     1 ||    12
  Block: Other             |     5 |     2 ||     7

Table legend: (Time is in decaauts)
 A = Elapsed time spent in this place.
 B = Non-inter-level travel time spent in this place.
 C = Inter-level travel time spent in this place.
 D = Time resting spent in this place.
 E = Time spent auto-exploring this place.
 F = Levels seen in this place.
 G = Mean time per level.
                   A        B        C        D        E       F      G
               +--------+--------+--------+--------+--------+-----+--------+
         Total |    849 |    790 |     59 |      0 |    594 |   2 |  424.5 |
       Dungeon |    849 |    790 |     59 |      0 |    594 |   2 |  424.5 |
               +--------+--------+--------+--------+--------+-----+--------+

Top non-repeatable levels by time:
     D:1: 618 daAuts
     D:2: 231 daAuts
